 Dungeon Crawl Stone Soup version 0.31-a0-1612-g4aaf141 (webtiles) character file.

Game seed: 1096574256325601358

93 PidgeyThePirate the Cutter (level 4, -4/34 HPs)
             Began as a Demonspawn Gladiator on Jan 9, 2024.
             Slain by Natasha (6 damage)
             ... on level 2 of the Dungeon.
             The game lasted 00:02:42 (1505 turns).

PidgeyThePirate the Cutter (Demonspawn Gladiator)   Turns: 1505, Time: 00:02:43

Health: -4/34      AC:  6    Str: 14    XL:     4   Next: 36%
Magic:  4/4        EV: 12    Int: 11    God:
Gold:   54         SH:  0    Dex: 14    Spells: 3/3 levels left

rFire   . . .        a - +0 rapier
rCold   . . .        (no shield)
rNeg    . . .        b - +0 leather armour
rPois   .            c - +0 helmet
rElec   .            (no cloak)
rCorr   .            (no gloves)
SInv    .            (no boots)
Will    .....        (no amulet)
Stlth   +            (no ring)
HPRegen 0.25/turn    (no ring)
MPRegen 0.09/turn

%: no passive effects
@: no status effects
A: yellow scales 1, foul stench 1
a: no special abilities


You were on level 2 of the Dungeon.
You visited 1 branch of the dungeon, and saw 2 of its levels.

You collected 54 gold pieces.

Inventory:

Hand Weapons
 a - a +0 rapier (weapon)
Missiles
 d - 3 throwing nets (quivered)
 e - a javelin
Armour
 b - a +0 leather armour (worn)
 c - a +0 helmet (worn)
Scrolls
 g - a scroll of identify {unknown}
 h - a scroll of poison {unknown}


   Skills:
 + Level 2.4 Fighting
 * Level 3.8 Short Blades
 + Level 1.9 Throwing
 + Level 0.6 Armour
 + Level 3.2 Dodging
 + Level 0.3 Stealth


You had 3 spell levels left.
You didn't know any spells.
Your spell library contained the following spells:

 Spells                   Type           Power      Damage    Failure   Level
 Summon Small Mammal      Summ           0%         N/A       41%         1
 Call Canine Familiar     Summ           0%         N/A       80%         3
 Frozen Ramparts          Ice            0%         1d1       80%         3
 Leda's Liquefaction      Alch/Erth      0%         N/A       99%         4
 Petrify                  Alch/Erth      0%         N/A       99%         4
 Summon Blazeheart Golem  Fire/Summ      0%         N/A       99%         4
 Metabolic Englaciation   Hex/Ice        0%         N/A       100%        5


Dungeon Overview and Level Annotations

Branches:
Dungeon (2/15)

Altars:

Annotations:
D:2 Natasha


Innate Abilities, Weirdness & Mutations

You are partially covered in yellow scales. (AC +2)
You may rarely emit foul miasma when damaged in melee.


Message History

Natasha, Servant of Life and Death comes into view.
Natasha is nearby!
Found a stone staircase leading up.
Natasha hisses angrily.
Found a fuming pink potion.
You barely miss Natasha. Natasha claws you but does no damage.
You hit Natasha.
Natasha is lightly wounded.
Natasha claws you.
You closely miss Natasha.
Natasha is lightly wounded.
Natasha casts a spell.
You closely miss Natasha.
Natasha is lightly wounded.
Natasha mumbles some strange words.
You feel troubled. Natasha claws you!
The cerulean imp hits you but does no damage.
You miss Natasha.
Natasha is lightly wounded.
Natasha claws you! The cerulean imp misses you.
You hit Natasha but do no damage.
Natasha is lightly wounded.
Natasha barely misses you.
The cerulean imp hits you but does no damage.
You closely miss Natasha.
Natasha is lightly wounded.
Natasha claws you.
* * * LOW HITPOINT WARNING * * *
The cerulean imp closely misses you.
You hit Natasha.
Natasha is lightly wounded.
Natasha claws you!
* * * LOW HITPOINT WARNING * * *
The cerulean imp completely misses you.
You hit Natasha.
Natasha is moderately wounded.
Natasha claws you.
You die...
Natasha curls up and begins to purr.

#.......##........... #.....
#.......####.......# #.....
#..................# ......
#...##.............# ......
#... #...†.........# ........
###......†...###...#.........
#..........................
#..........5.........#.....
######....@h...... .......
#............ .#....
#............ #....
#######.....< #.... ......
##.). .....# #...
..............#
.!##.........# ........#


You could see Natasha and a cerulean imp (summoned).

Vanquished Creatures
  Natasha (D:2)
  An adder (D:2)
  3 dart slugs
  6 ball pythons
  5 endoplasms
  A giant cockroach (D:2)
  4 hobgoblins (D:1)
  2 jackals (D:2)
  4 quokkas
  4 bats
  4 frilled lizards
  2 goblins (D:1)
  7 kobolds
  6 rats
50 creatures vanquished.

Notes
Turn   | Place    | Note
-------+----------+-------------------------------------------
     0 | D:1      | PidgeyThePirate the Demonspawn Gladiator began the quest
                  | for the Orb.
     0 | D:1      | Reached XP level 1. HP: 16/16 MP: 1/1
   185 | D:1      | Gained mutation: You are partially covered in yellow
                  | scales. (AC +2) [demonic ancestry]
   185 | D:1      | Reached XP level 2. HP: 22/22 MP: 2/2
   581 | D:1      | Gained mutation: You may rarely emit foul miasma when
                  | damaged in melee. [demonic ancestry]
   581 | D:1      | Reached XP level 3. HP: 27/27 MP: 3/3
  1284 | D:2      | Noticed Natasha
  1307 | D:2      | Killed Natasha
  1308 | D:2      | Reached XP level 4. HP: 10/34 MP: 4/4
  1465 | D:2      | Noticed Natasha
  1505 | D:2      | Slain by Natasha

Illustrated notes

Levels and vault maps discovered:
D:1:      doesnt_arrival_eight_statues, layout_loops_ring, minmay_domino_2
D:2:      layout_basic, uniq_natasha

Skill      XL: |  1  2 |
---------------+-------+-----
Dodging        | 3 |  3.2
Short Blades   | 3 |  3.8
Fighting       | |  2.4
Throwing       | |  1.9
Armour         | |  0.6
Stealth        | |  0.3

Action                     |  1- 3 |  4- 6 || total
---------------------------+-------+-------++-------
  Melee: Rapier            |   157 |    28 ||   185
         Punch             |     2 |       ||     2
    Use: Potion            |     3 |       ||     3
 Armour: Leather armour    |   103 |    22 ||   125
         Skin              |     8 |     1 ||     9
  Dodge: Dodged            |   113 |    18 ||   131

Table legend: (Time is in decaauts)
 A = Elapsed time spent in this place.
 B = Non-inter-level travel time spent in this place.
 C = Inter-level travel time spent in this place.
 D = Time resting spent in this place.
 E = Time spent auto-exploring this place.
 F = Levels seen in this place.
 G = Mean time per level.
                   A        B        C        D        E       F      G
               +--------+--------+--------+--------+--------+-----+--------+
         Total |   1521 |   1412 |    109 |      0 |    966 |   2 |  760.5 |
       Dungeon |   1521 |   1412 |    109 |      0 |    966 |   2 |  760.5 |
               +--------+--------+--------+--------+--------+-----+--------+

Top non-repeatable levels by time:
     D:1: 972 daAuts
     D:2: 549 daAuts
